 Dungeon Crawl Stone Soup version 0.30-a0-381-g6ea064c7b4 (webtiles) character file.

Game seed: 5210268356533649050

29934 qeuew the Unseen (level 13, -3/55 HPs)
             Began as a Spriggan Enchanter on Dec 1, 2022.
             Was a High Priest of Dithmenos.
             Slain by a catoblepas (54 damage)
             ... on level 4 of the Lair of Beasts on Dec 2, 2022.
             The game lasted 00:38:18 (15354 turns).

qeuew the Unseen (Spriggan Enchanter)              Turns: 15354, Time: 00:38:19

Health: -3/55      AC:  4    Str:  4    XL:     13   Next: 17%
Magic:  27/35      EV:  4    Int: 22    God:    Dithmenos [*****.]
Gold:   1030       SH:  0    Dex: 18    Spells: 8/28 levels left

rFire   + . .      SeeInvis +    z - +0 dagger (venom)
rCold   . . .      Faith    .    (no shield)
rNeg    . . .      Spirit   .    b - +1 robe
rPois   .          Reflect  .    j - +1 hat {Int+3}
rElec   .          Harm     .    (no cloak)
rCorr   .          Rampage  .    (gloves unavailable)
Will    ++...                    (boots unavailable)
Stlth   ++++++++++               (no amulet)
HPRegen 0.29/turn                h - ring of magical power
MPRegen 0.24/turn                v - ring of protection from fire

@: about to teleport, sleeping, wreathed by umbra, very quick
A: very small, no large weapons, unfitting armour, see invisible, speed 3,
hooves 1, large bone plates 1
a: Renounce Religion, Shadow Step, Shadow Form


You were on level 4 of the Lair of Beasts.
You worshipped Dithmenos.
Dithmenos was extremely pleased with you.
You visited 3 branches of the dungeon, and saw 15 of its levels.
You also visited: Bailey.

You collected 1030 gold pieces.

Inventory:

Hand Weapons
 a - a +1 dagger
 z - a +0 dagger of venom (weapon)
Missiles
 k - 31 poisoned darts
 u - 4 curare-tipped darts
Armour
 b - a +1 robe (worn)
 j - a +1 hat of intelligence (worn)
Jewellery
 g - a ring of positive energy
 h - a ring of magical power (left hand)
 v - a ring of protection from fire (right hand)
 B - a ring of flight
Wands
 i - a wand of charming (3)
 x - a wand of polymorph (10)
 y - a wand of iceblast (9)
Scrolls
 l - 4 scrolls of teleportation
 m - a scroll of magic mapping
 o - 3 scrolls of butterflies
 s - 2 scrolls of enchant armour
 t - a scroll of enchant weapon
 A - a scroll of torment {unknown}
Potions
 c - 6 potions of invisibility
 d - 2 potions of resistance
 e - 5 potions of brilliance
 f - 3 potions of curing
 n - a potion of haste
 p - 3 potions of flight
 q - 3 potions of mutation
 r - a potion of might
Miscellaneous
 w - a lightning rod (4/4)


   Skills:
 + Level 7.5 Short Blades
 + Level 5.9 Throwing
 + Level 9.1 Dodging
 * Level 15.4 Stealth
 + Level 8.4 Spellcasting
 * Level 12.0 Hexes
 + Level 7.0 Translocations
 + Level 4.4 Air Magic
 * Level 8.7 Invocations
 + Level 7.7 Evocations


You had 8 spell levels left.
You knew the following spells:

 Your Spells              Type           Power      Damage    Failure   Level
a - Ensorcelled Hibernat  Hex/Ice        70%        N/A       1%          2
b - Tukima's Dance        Hex            58%        N/A       1%          3
c - Confusing Touch       Hex            58%        N/A       1%          3
d - Dazzling Flash        Conj/Hex       70%        N/A       1%          3
e - Portal Projectile     Hex/Tloc       100%       N/A       1%          3
f - Swiftness             Air            28%        N/A       3%          3
g - Inner Flame           Hex/Fire       35%        N/A       1%          3

Your spell library contained the following spells:

 Spells                   Type           Power      Damage    Failure   Level
 Slow                     Hex            100%       N/A       1%          1
 Leda's Liquefaction      Hex/Erth       17%        N/A       6%          4
 Freeze                   Ice            36%        1d5       7%          1
 Sandblast                Erth           18%        2d7       7%          1
 Passwall                 Tmut/Erth      7%         N/A       11%         2
 Frozen Ramparts          Ice            18%        1d3       22%         3
 Hailstorm                Conj/Ice       9%         3d4       22%         3
 Vampiric Draining        Necr           9%         2d6       22%         3
 Flame Wave               Conj/Fire      9%         2d6       56%         4
 Sticky Flame             Conj/Fire      9%         2d3       56%         4
 Blade Hands              Tmut           4%         N/A       89%         5
 Lee's Rapid Deconstruct  Erth           4%         3d5*      89%         5
 Statue Form              Tmut/Erth      6%         N/A       100%        6


Dungeon Overview and Level Annotations

Branches:
Dungeon (10/15)            Temple (1/1) D:6            Lair (4/5) D:9
  Swamp (0/4) Lair:2        Snake (0/4) Lair:2       Bailey (visited)
  Slime: Lair:4-5       Orc: D:9-12

Altars:
Ashenzari
Cheibriados
Dithmenos
Elyvilon
Fedhas
Hepliaklqana
Kikubaaqudgha
Makhleb
Nemelex Xobeh
Okawaru
Qazlal
Ru
Sif Muna
Trog
Uskayaw
Vehumet
Zin
The Shining One

Shops:
D:1 !   D:4 !


Innate Abilities, Weirdness & Mutations

You are very small and have problems with some larger weapons.
You are too small for most types of armour.
You have supernaturally acute eyesight. (SInv)
You cover ground extremely quickly. (Speed+++)
You have large cloven feet.
You are partially covered in large bone plates. (SH +4)


Message History

The helpless water moccasin fails to defend itself.
You perforate the water moccasin like a sieve!!!!
You kill the water moccasin!
Dithmenos accepts your kill.
f - 3 potions of curing (gained 1)
A cane toad comes into view.
The helpless cane toad fails to defend itself.
You stick the cane toad like a pincushion!!!!
You kill the cane toad!
Dithmenos accepts your kill.
You see here a cane toad corpse.
A catoblepas comes into view.
The catoblepas bellows!
You hear a bleat! x5
The catoblepas resists with almost no effort.
You block the catoblepas's attack.
Aiming: Ensorcelled Hibernation (safe; 1% risk of failure)
Press: ? - help, Q - select action, (/) - cycle Shift-Dir - straight line, f/p - catoblepas
Aim: a catoblepas (umbra, chance to affect: 6%)
The catoblepas resists with almost no effort.
The catoblepas closely misses you.
The catoblepas resists with almost no effort.
The catoblepas breathes a plume of calcifying dust at you.
The blast of calcifying dust hits you. 4 dream sheep come into view.
Found a scroll of identify and 11 gold pieces.
A dream sheep comes into view.
The catoblepas completely misses you.
The dream sheep moves out of view.
Unknown command.
As you read the scroll of teleportation, it crumbles to dust.
You feel strangely unstable. You block the catoblepas's attack.
Casting: Ensorcelled Hibernation (safe; 1% risk of failure)
Confirm with . or Enter, or press ? or * to list all spells.
Casting: Dazzling Flash (safe; 1% risk of failure)
Press: ? - help, Dir - look around, f - activate The dream sheep bleats!
You hear a bleat! x2
The dream sheep shake their wool and sparkle.
You feel drowsy...
You fall asleep.
The catoblepas gores you!!!
Ouch! That really hurt!
You die...

#...###......†.##
##.###P.......#.#
##..###.P.....###
#.#.##...######
#######...# #§..#
##§..# #P§###
#.Y@# #...#
.?...## .YY#####
.. .


You could see a catoblepas and 2 dream sheep.

Vanquished Creatures
  Gastronok (Lair:1)
  An orc warlord (Bailey)
  A tengu warrior (D:9)
  A boulder beetle (D:6)
  Urug (Lair:1)
  Sonja (Lair:1)
  Pikel (D:6)
  A deep elf pyromancer (D:9)
  An ugly thing (D:9)
  A cyclops (D:9)
  4 elephants (Lair:3)
  An elephant (shapeshifter) (D:9)
  A black mamba (Lair:2)
  4 cane toads
  2 komodo dragons (Lair:3)
  2 rime drakes
  2 polar bears
  2 hornets (D:9)
  7 blink frogs
  23 yaks
  A wraith (D:6)
  3 wyverns
  4 basilisks
  A vampire mosquito (D:9)
  2 nagas (Lair:2)
  An acid dragon (D:9)
  11 water moccasins
  9 orc warriors
  2 sky beasts
  2 black bears
  An ogre (D:6)
  A boggart (D:9)
  4 centaurs
  14 wolves
  A lemure (D:6)
  2 kobold brigands
  13 bullfrogs
  A necrophage (D:4)
  6 scorpions
  10 killer bees (D:9)
  2 electric eels
  2 howler monkeys
  A hound (D:5)
  2 orc priests
  3 iron imps (D:7)
  2 jellies
  4 iguanas
  6 orc wizards
  19 gnolls
  2 adders
  2 white imps (D:6)
  4 worms
  2 dart slugs (D:3)
  44 orcs
  3 bats
  7 endoplasms
  6 giant cockroaches
  21 goblins
  15 hobgoblins
  2 jackals (D:3)
  14 kobolds
  6 quokkas
  9 ball pythons
  2 frilled lizards (D:2)
  8 rats
335 creatures vanquished.

Vanquished Creatures (collateral kills)
  4 orc warriors (Bailey)
  A gnoll (Bailey)
  An orc (Bailey)
  3 hobgoblins (Bailey)
  3 goblins (Bailey)
12 creatures vanquished.

Vanquished Creatures (others)
  An orc knight (Bailey)
  20 fungi
  18 plants
39 creatures vanquished.

Grand Total: 386 creatures vanquished

Notes
Turn   | Place    | Note
-------+----------+-------------------------------------------
     0 | D:1      | qeuew the Spriggan Enchanter began the quest for the Orb.
     0 | D:1      | Reached XP level 1. HP: 9/9 MP: 5/5
   168 | D:1      | Reached XP level 2. HP: 13/13 MP: 6/6
   363 | D:1      | Found Qorrutom's Distillery.
   675 | D:1      | Learned a level 2 spell: Ensorcelled Hibernation
   741 | D:2      | Reached skill level 5 in Stealth
   790 | D:2      | Reached XP level 3. HP: 13/16 MP: 1/8
  1275 | D:2      | Learned a level 3 spell: Tukima's Dance
  1772 | D:3      | Found a faded altar of an unknown god.
  1776 | D:3      | Got Plato's Quarto of Minerals
  1878 | D:3      | Reached XP level 4. HP: 19/21 MP: 2/9
  2874 | D:4      | Noticed a scorpion
  2876 | D:4      | Killed a scorpion
  2877 | D:4      | Reached skill level 6 in Stealth
  2877 | D:4      | Reached skill level 5 in Hexes
  2877 | D:4      | Reached XP level 5. HP: 24/24 MP: 11/11
  3010 | D:4      | Found Geof's Distillery.
  3201 | D:4      | Identified the +6 spear of Honour {vamp, *Slow rElec Str-3
                  | Int+8}
  3281 | D:4      | Reached XP level 6. HP: 28/28 MP: 12/12
  3362 | D:4      | Found an ancient bone altar of Kikubaaqudgha.
  3717 | D:4      | Found a sacrificial altar of Ru.
  3717 | D:4      | Found a sparkling altar of Nemelex Xobeh.
  3778 | D:4      | Learned a level 3 spell: Confusing Touch
  3782 | D:4      | Learned a level 3 spell: Dazzling Flash
  3831 | D:5      | Entered Level 5 of the Dungeon
  3869 | D:5      | Reached skill level 7 in Stealth
  4193 | D:5      | Reached XP level 7. HP: 32/32 MP: 14/14
  4718 | D:6      | HP: 1/32 [white imp/puff of frost (5)]
  5054 | D:6      | Reached skill level 8 in Stealth
  5064 | D:6      | Reached skill level 1 in Throwing
  5064 | D:6      | Reached skill level 1 in Evocations
  5184 | D:6      | Found a staircase to the Ecumenical Temple.
  5249 | Temple   | Entered the Ecumenical Temple
  5423 | Temple   | Became a worshipper of Dithmenos the Shadowed
  5546 | D:6      | Identified the +1 robe "Kajalor" {Harm rElec rF+}
  5567 | D:6      | Gained mutation: You are partially covered in large bone
                  | plates. (SH +4) [potion of mutation]
  5567 | D:6      | Gained mutation: You have large cloven feet. [potion of
                  | mutation]
  5608 | D:7      | Reached skill level 5 in Dodging
  5790 | D:7      | Reached skill level 1 in Invocations
  5790 | D:7      | Reached XP level 8. HP: 36/36 MP: 16/16
  6159 | D:7      | Found a burning altar of Makhleb.
  6346 | D:7      | Found a blossoming altar of Fedhas.
  6517 | D:7      | Reached skill level 5 in Spellcasting
  6654 | D:7      | Reached skill level 9 in Stealth
  7052 | D:6      | Noticed Pikel
  7057 | D:6      | Killed Pikel
  7058 | D:6      | Reached XP level 9. HP: 39/39 MP: 16/18
  7169 | D:6      | Noticed a boulder beetle
  7259 | D:6      | Reached skill level 10 in Stealth
  7272 | D:6      | Killed a boulder beetle
  7465 | D:6      | Learned a level 3 spell: Portal Projectile
  7469 | D:6      | Learned a level 3 spell: Swiftness
  8128 | D:7      | Reached * piety under Dithmenos
  8224 | D:8      | Reached skill level 1 in Translocations
  8245 | D:7      | Reached skill level 5 in Short Blades
  8312 | D:8      | Reached skill level 11 in Stealth
  8312 | D:8      | Reached skill level 1 in Air Magic
  8496 | D:8      | Found a flagged portal.
  8510 | Bailey   | Entered a bailey
  8694 | Bailey   | Reached XP level 10. HP: 34/44 MP: 13/20
  8715 | Bailey   | Reached ** piety under Dithmenos
  9358 | Bailey   | Noticed an orc warlord
  9358 | Bailey   | Noticed an orc knight
  9379 | Bailey   | Reached skill level 5 in Invocations
  9383 | Bailey   | Killed an orc warlord
  9384 | Bailey   | Reached skill level 5 in Evocations
  9595 | D:8      | You fall into a shaft and drop 2 floors!
  9595 | D:10     | Entered Level 10 of the Dungeon
  9653 | D:10     | Reached skill level 13 in Stealth
  9653 | D:10     | Reached skill level 10 in Hexes
  9653 | D:10     | Reached XP level 11. HP: 47/47 MP: 20/22
  9845 | D:9      | Reached *** piety under Dithmenos
 10503 | D:9      | Found a staircase to the Lair.
 10870 | D:9      | Noticed a deep elf pyromancer
 10870 | D:9      | Noticed a white ugly thing
 10884 | D:9      | Killed a white ugly thing
 10933 | D:9      | Reached skill level 5 in Translocations
 11273 | D:9      | Noticed a two-headed ogre
 11317 | D:9      | Killed a deep elf pyromancer
 11415 | D:9      | Noticed a tengu warrior
 11423 | D:9      | Killed a tengu warrior
 11424 | D:9      | Reached skill level 5 in Throwing
 11429 | D:9      | Reached XP level 12. HP: 51/51 MP: 14/24
 11439 | D:9      | Reached **** piety under Dithmenos
 11629 | Lair:1   | Entered Level 1 of the Lair of Beasts
 11665 | Lair:1   | Identified the +2 chain mail "Hafate" {rC- Will++ Dex+7}
 11748 | D:9      | Reached skill level 14 in Stealth
 11894 | Lair:1   | Noticed Urug
 11956 | Lair:1   | Noticed Sonja
 11975 | Lair:1   | Killed Sonja
 12224 | Lair:1   | Killed Urug
 12396 | Lair:1   | HP: 1/51 [yak (14)]
 12571 | Lair:1   | Noticed Gastronok
 12596 | Lair:1   | Killed Gastronok
 12952 | Lair:2   | Found a staircase to the Snake Pit.
 13020 | Lair:2   | Found a staircase to the Swamp.
 14219 | Lair:3   | Reached skill level 15 in Stealth
 14341 | Lair:3   | Learned a level 3 spell: Inner Flame
 14429 | Lair:3   | Reached ***** piety under Dithmenos
 14548 | Lair:3   | Reached XP level 13. HP: 55/55 MP: 26/26
 15354 | Lair:4   | Slain by a catoblepas

Illustrated notes

Levels and vault maps discovered:
D:1:      dpeg_arrival_prison, layout_basic, serial_shops,
          nicolae_shop_window_shopping, minmay_pentomino_t2
D:2:      layout_loops_ring
D:3:      layout_basic, shapermc_ecumenical_altar_rom_forum
D:4:      layout_cave_pods, gammafunk_temple_overflow_pools,
          mainiacjoe_overflow_surrounded_room, serial_shops, shop
D:5:      layout_basic
D:6:      layout_basic, minmay_temple_entry_large_hall, uniq_pikel
D:7:      wad_lake_hut, layout_basic, fedhas_ov_isle_minmay, demons_altar
D:8:      cheibrodos_helix_gallery, layout_basic, enter_bailey_3
D:9:      minmay_shrinking_squares, layout_basic, david_lair_generic
D:10:     minmay_evil_eye, layout_stronghold, minmay_orc_entry_guard_dogs,
          kennysheep_small_circle, uniq_josephine, uniq_harold
Temple:   bh_familiar_temple
Lair:1:   layout_long_grid, uniq_urug, uniq_sonja, uniq_gastronok
Lair:2:   layout_regular_city, skrybe_swamp_entry_bodies,
          guppyfry_snake_entry_island
Lair:3:   layout_regular_city
Lair:4:   layout_misc_corridors, dpeg_slime_entry_corner, serial_bayou_shore_b,
          serial_bayou_shore_b

Skill      XL: |  1  2  3  4  5  6  7  8  9 10 11 12 13 |
---------------+----------------------------------------+-----
Hexes          | 4 5 6 7 8 10 11 12 | 12.0
Dodging        | 3 4 5 6 7 8 9 |  9.1
Spellcasting   | 3 4 5 6 7 8 |  8.4
Stealth        | 5 6 7 8 9 11 13 15 | 15.4
Short Blades   | 2 3 4 5 6 7 |  7.5
Throwing       | 1 2 3 4 5 |  5.9
Evocations     | 1 3 4 6 7 |  7.7
Invocations    | 1 3 4 6 7 8 |  8.7
Translocations | 1 4 5 6 7 |  7.0
Air Magic      | 1 2 3 4 |  4.4

Action                   |  1- 3 |  4- 6 |  7- 9 | 10-12 | 13-15 || total
-------------------------+-------+-------+-------+-------+-------++-------
Melee: Dagger            |   128 |   160 |   217 |   374 |    25 ||   904
       Punch             |     1 |     1 |     1 |     3 |     1 ||     7
       Kick              |       |       |    39 |   116 |     5 ||   160
Throw: Dart              |       |       |     4 |    19 |       ||    23
 Cast: Ensorcelled Hiber |    14 |    20 |    87 |   160 |     7 ||   288
       Confusing Touch   |       |       |     3 |     3 |     1 ||     7
       Tukima's Dance    |       |       |       |     3 |       ||     3
       Dazzling Flash    |       |       |       |     6 |     1 ||     7
Evoke: Wand              |       |       |     1 |     5 |       ||     6
       Lightning rod     |       |       |       |     1 |       ||     1
  Use: Scroll            |     4 |     6 |     4 |     6 |     2 ||    22
       Potion            |     1 |     2 |     3 |    11 |       ||    17
 Stab: Sleeping          |    23 |    23 |    59 |   106 |    14 ||   225
       Distracted        |     1 |     1 |       |     4 |       ||     6
       Confused          |       |       |     3 |     3 |     2 ||     8
       Invisible         |       |       |       |     6 |       ||     6
Armor: Robe              |     9 |    10 |     9 |    14 |     1 ||    43
Dodge: Dodged            |    87 |   123 |   173 |   383 |     7 ||   773
Block: Other             |       |       |    22 |    77 |     4 ||   103

Table legend: (Time is in decaauts)
 A = Elapsed time spent in this place.
 B = Non-inter-level travel time spent in this place.
 C = Inter-level travel time spent in this place.
 D = Time resting spent in this place.
 E = Time spent auto-exploring this place.
 F = Levels seen in this place.
 G = Mean time per level.
                   A        B        C        D        E       F      G
               +--------+--------+--------+--------+--------+-----+--------+
         Total |  11440 |  11015 |    425 |    909 |   7673 |  16 |  715.0 |
       Dungeon |   7817 |   7451 |    366 |    683 |   5259 |  10 |  781.7 |
        Temple |    164 |    142 |     22 |      0 |    136 |   1 |  164.0 |
          Lair |   2663 |   2627 |     36 |    162 |   1847 |   4 |  665.8 |
        Bailey |    794 |    794 |      0 |     63 |    429 |   1 |  794.0 |
               +--------+--------+--------+--------+--------+-----+--------+

Top non-repeatable levels by time:
     D:7: 1654 daAuts
     D:9: 1252 daAuts
  Lair:1: 945 daAuts
  Lair:2: 922 daAuts
     D:6: 852 daAuts
  Bailey: 794 daAuts
     D:2: 773 daAuts
     D:3: 755 daAuts
     D:4: 677 daAuts
     D:8: 655 daAuts
     D:5: 645 daAuts
  Lair:3: 600 daAuts
     D:1: 513 daAuts
  Lair:4: 195 daAuts
  Temple: 164 daAuts
